 Dungeon Crawl Stone Soup version 0.27.1-33-g824d729ab1 (webtiles) character file.

Game seed: 10590894027780323956

269 potato4science the Sneak (level 6, 0/42 HPs)
             Began as an Octopode Brigand on Dec 22, 2021.
             Succumbed to an orc's poison
             ... on level 2 of the Dungeon.
             The game lasted 00:14:35 (3099 turns).

potato4science the Sneak (Octopode Brigand)         Turns: 3099, Time: 00:14:35

Health: 0/42       AC:  1    Str: 17    XL:     6   Next: 22%
Magic:  9/9        EV: 13    Int: 15    God:
Gold:   124        SH:  4    Dex: 13    Spells: 9/9 levels left

rFire    . . .     SeeInvis .   a - +2 dagger
rCold    . . .     Faith    .   n - +0 buckler
rNeg     . . .     Spirit   .   (helmet restricted)
rPois    .         Reflect  .   (no amulet)
rElec    .         Harm     .   i - +6 ring of strength
rCorr    .         Rampage  .   (no ring)
Will     .....                  (no ring)
Stlth    ++++......             (no ring)
HPRegen  0.14/turn              (no ring)
MPRegen  0.11/turn              (no ring)
                                (no ring)
                                (no ring)

@: lethally poisoned (0 -> -12)
A: almost no armour, amphibious, 8 rings, camouflage 1, gelatinous body 1,
(nimble swimmer 1), tentacles
a: no special abilities


You were on level 2 of the Dungeon.
You visited 1 branch of the dungeon, and saw 3 of its levels.

You collected 124 gold pieces.

Inventory:

Hand Weapons
 a - a +2 dagger (weapon)
Missiles
 b - 19 poisoned darts (quivered)
 c - 2 curare-tipped darts
 g - 69 bolts
Armour
 n - a +0 buckler (worn)
Jewellery
 i - a +6 ring of strength (left tentacle)
Scrolls
 d - a scroll of fear {unknown}
 e - a scroll of immolation {unknown}
 h - a scroll of vulnerability {unknown}
 j - 3 scrolls of noise {unknown}
 k - a scroll of identify {unknown}
 o - a scroll of acquirement {unknown}
 p - a scroll of enchant armour {unknown}
Potions
 f - 2 potions of lignification {unknown}
 l - 2 potions of heal wounds {unknown}
 m - a potion of mutation {unknown}


   Skills:
 - Level 3.0 Fighting
 - Level 3.0 Short Blades
 - Level 2.0 Throwing
 - Level 3.0 Dodging
 - Level 6.0 Stealth
 + Level 2.3 Shields
 - Level 2.0 Spellcasting


You had 9 spell levels left.
You didn't know any spells.
Your spell library contained the following spells:

 Spells                   Type           Power      Damage    Failure   Level
 Corpse Rot               Necr/Air       N/A        N/A       38%         2
 Passwall                 Tmut/Erth      0%         N/A       38%         2
 Swiftness                Air            1%         N/A       63%         3
 Dispel Undead            Necr           1%         3d6       95%         4
 Death Channel            Necr           0%         N/A       100%        6
 Invisibility             Hex            0%         N/A       100%        6


Dungeon Overview and Level Annotations

Branches:
Dungeon (3/15)

Altars:
Dithmenos
Makhleb
The Shining One


Innate Abilities, Weirdness & Mutations

You cannot wear most types of armour.
You are amphibious.
You can wear up to eight rings at the same time.
Your skin changes colour to match your surroundings (Stealth+).
Your rubbery body absorbs attacks. (AC +1, EV +1)
((You are camouflaged near water. (Stealth+)))
You have tentacles for arms and can constrict up to eight enemies at once.


Message History

You bump into the rock wall.
You hear a shout!
The orc wizard hits you with a +0 dagger.
You bump into the rock wall.
The orc wizard misses you.
You barely miss the orc wizard.
The orc wizard is severely wounded.
The orc wizard points at you and mumbles some strange words.
The magic dart hits you.
Your shield prevents you from hitting the orc wizard.
The orc wizard is severely wounded.
You completely miss the orc. You barely miss the orc.
The orc hits you with a +0 dagger of venom.
You are poisoned.
You hit the orc but do no damage.
You feel less confused.
You feel sick.
The orc wizard casts a spell.
The orc wizard flickers and vanishes!
Deactivating autopickup; reactivate with Ctrl-A.
The orc hits you with a +0 dagger of venom.
You are more poisoned.
You feel very sick.
You feel very sick.
You feel sick.
You feel sick.
You feel sick.
You feel sick.
You feel sick.
You feel sick.
You feel sick.
You feel sick.
You are no longer poisoned.
There is a stone staircase leading up here.
The orc hits you with a +0 dagger of venom.
* * * LOW HITPOINT WARNING * * *
You are lethally poisoned!
You climb upwards.
Reactivating autopickup.
You die...

#.................#
#....############.#
#....#..........#.# ###
####.#.......##.#.########
#.######.###....[.............
#.....##......##..#.#.#.#.....
#.###.#####...##..#.#.#.#.....
#.#.......#...#####.#.#.......
#.#.#.###.#..@................
#.#.#.#..<#.o########.###.....
#.#.#.#.#.#..# #...........
#.#...#...#..## #.#.####....
#.#######.....# #.#.# #####
#.#...........# #.#.# ##
###.#.#####.....# ###.#.# #.
#...#.# #.....# #.....# #.
#.###.# ####'## #.....# #.


You could see an orc.

Vanquished Creatures
  Natasha (thrice) (D:2)
  A hound zombie (D:3)
  Robin (D:2)
  7 gnolls (D:3)
  3 adders
  A worm (D:2)
  An orc (D:2)
  6 bats
  6 endoplasms
  2 giant cockroaches
  9 hobgoblins
  6 kobolds
  2 quokkas (D:2)
  2 ball pythons (D:1)
  4 frilled lizards
  9 goblins
  16 rats
79 creatures vanquished.

Notes
Turn   | Place    | Note
-------+----------+-------------------------------------------
     0 | D:1      | potato4science the Octopode Brigand began the quest for the
                  | Orb.
     0 | D:1      | Reached XP level 1. HP: 14/14 MP: 1/1
    63 | D:1      | Reached XP level 2. HP: 15/19 MP: 2/2
    81 | D:1      | Reached skill level 6 in Stealth
   387 | D:1      | Reached XP level 3. HP: 24/24 MP: 3/3
   860 | D:2      | Noticed Natasha
   863 | D:2      | Killed Natasha
   864 | D:2      | Reached XP level 4. HP: 30/30 MP: 4/4
  1129 | D:2      | Found a faded altar of an unknown god.
  1201 | D:2      | Noticed Natasha
  1209 | D:2      | Killed Natasha
  1210 | D:2      | Reached XP level 5. HP: 29/36 MP: 5/5
  1231 | D:2      | Noticed Robin
  1245 | D:2      | Killed Robin
  1853 | D:2      | Found a faded altar of an unknown god.
  1872 | D:2      | Noticed Natasha
  1877 | D:2      | Killed Natasha
  1878 | D:2      | Reached skill level 1 in Spellcasting
  2394 | D:3      | Reached skill level 1 in Shields
  2472 | D:3      | Reached XP level 6. HP: 42/42 MP: 9/9
  2890 | D:3      | Found a burning altar of Makhleb.
  2895 | D:3      | Found a glowing golden altar of the Shining One.
  2954 | D:3      | Found a shadowy altar of Dithmenos.
  3099 | D:2      | Succumbed to an orc's poison

Illustrated notes

Levels and vault maps discovered:
D:1:      scummos_arrival_checkerplants, layout_rooms, minmay_rat_gold_closets
D:2:      layout_basic, basic_ecumenical_altar, uniq_robin, uniq_natasha
D:3:      layout_basic, grunt_dithmenos_smoke_and_mirrors, minitemple,
          wander_ebering_terrifying_dragon_lair

Skill      XL: |  1  2  3  4  5  6 |
---------------+-------------------+-----
Stealth        | 6 |  6.0
Dodging        | 2 3 |  3.0
Short Blades   | 3 |  3.0
Fighting       | 3 |  3.0
Spellcasting   | 2 |  2.0
Shields        | 1 2 |  2.3
Throwing       | |  2.0

Action                   |  1- 3 |  4- 6 || total
-------------------------+-------+-------++-------
Melee: Dagger            |    45 |    86 ||   131
       Constrict         |     9 |    16 ||    25
       Tentacles         |     5 |    14 ||    19
Throw: Dart              |    12 |    56 ||    68
 Stab: Sleeping          |    19 |    11 ||    30
Armor: Skin              |     1 |       ||     1
Dodge: Dodged            |    10 |    30 ||    40
Block: Buckler           |       |     2 ||     2
